 Dungeon Crawl Stone Soup version 0.28.0 (webtiles) character file.

Game seed: 7505281587037198868

143973 Hasart the Carver (level 16, -1/136 HPs)
             Began as a Demigod Fighter on Feb 11, 2022.
             Slain by a steelbarb worm (14 damage)
             ... on level 1 of the Spider Nest.
             The game lasted 01:17:02 (26230 turns).

Hasart the Carver (Demigod Fighter)                Turns: 26230, Time: 01:17:02

Health: -1/136     AC: 20    Str: 30    XL:     16   Next: 31%
Magic:  25/25      EV: 15    Int: 14    God:
Gold:   1958       SH: 18    Dex: 21    Spells: 20/22 levels left

rFire   + . .      SeeInvis +   n - +5 scimitar (elec)
rCold   + . .      Faith    .   b - +0 tower shield {reflect}
rNeg    . . .      Spirit   .   w - +1 scale mail of Rotation {rPois Regen+ Str+4}
rPois   +          Reflect  +   (no helmet)
rElec   .          Harm     .   i - scarf {rC+ rF+}
rCorr   .          Rampage  .   t - +2 pair of gloves
Will    +....                   M - +2 pair of boots
Stlth   ..........              s - amulet of regeneration
HPRegen 1.92/turn               I - ring "Gymmywef" {+Blink AC+4 Str-5 Slay+2 SInv}
MPRegen 0.19/turn               r - +6 ring of strength

@: spiked, slowed, very slow
A: high MP 1, forlorn, divine attributes
a: Evoke Blink


You were on level 1 of the Spider Nest.
You visited 5 branches of the dungeon, and saw 27 of its levels.
You also visited: Gauntlet.

You collected 2787 gold pieces.
You spent 829 gold pieces at shops.

Inventory:

Hand Weapons
 n - a +5 scimitar of electrocution (weapon)
 D - a +3 scimitar of flaming
Missiles
 u - 24 boomerangs (quivered)
 A - 13 javelins
 N - 6 silver boomerangs
Armour
 b - a +0 tower shield of reflection (worn)
 i - a scarf of resistance (worn)
 t - a +2 pair of gloves (worn)
 w - the +1 scale mail of Rotation (worn) {rPois Regen+ Str+4}
   (You bought it in a shop on level 3 of the Dungeon)

   Str:       It affects your strength (+4).
   rPois:     It protects you from poison.
   Regen:     It increases your rate of health regeneration.
 M - a +2 pair of boots (worn)
Jewellery
 m - a ring of resist corrosion
 r - a +6 ring of strength (right hand)
 s - an amulet of regeneration (around neck)
 H - a ring of willpower
 I - the ring "Gymmywef" (left hand) {+Blink AC+4 Str-5 Slay+2 SInv}
   (You found it in a Gauntlet)

   [ring of protection]

   AC:        It affects your AC (+4).
   Str:       It affects your strength (-5).
   Slay:      It affects your accuracy & damage with ranged weapons and melee
   (+2).
   SInv:      It lets you see invisible.
   +Blink:    It lets you blink.
 L - a +4 ring of protection
 T - a ring of positive energy
 U - a ring of poison resistance
Wands
 J - a wand of paralysis (5)
 K - a wand of mindburst (10)
 Q - a wand of iceblast (10)
Scrolls
 a - 5 scrolls of immolation
 c - 2 scrolls of silence
 f - 11 scrolls of teleportation
 g - 4 scrolls of magic mapping
 h - a scroll of enchant armour
 l - 12 scrolls of identify
 q - 6 scrolls of fear
 v - 4 scrolls of fog
 y - a scroll of brand weapon
 P - 7 scrolls of blinking
 S - a scroll of amnesia
 X - 4 scrolls of enchant weapon
Potions
 d - 6 potions of might
 e - 6 potions of mutation
 j - 8 potions of curing
 k - a potion of invisibility
 o - a potion of resistance
 p - a potion of lignification {unknown}
 z - 4 potions of haste
 B - a potion of flight
 E - 3 potions of heal wounds
 F - 5 potions of ambrosia
 O - 3 potions of berserk rage
 R - 3 potions of brilliance
 Z - a potion of cancellation
Miscellaneous
 V - a phantom mirror
 W - a phial of floods
 Y - a condenser vane


   Skills:
 + Level 10.9 Fighting
 + Level 14.5 Long Blades
 - Level 10.0 Throwing
 + Level 10.9 Armour
 + Level 10.5 Dodging
 + Level 11.0 Shields
 + Level 3.7 Spellcasting
 + Level 4.1 Translocations
 + Level 8.0 Evocations


You had 20 spell levels left.
You knew the following spells:

 Your Spells              Type           Power      Damage    Failure   Level
a - Blink                 Tloc           28%        N/A       47%         2

Your spell library contained the following spells:

 Spells                   Type           Power      Damage    Failure   Level
 Apportation              Tloc           28%        N/A       34%         1
 Lesser Beckoning         Tloc           14%        N/A       71%         3
 Animate Skeleton         Necr           4%         N/A       89%         1
 Pain                     Necr           8%         1d4       89%         1
 Summon Small Mammal      Summ           8%         N/A       89%         1
 Portal Projectile        Hex/Tloc       16%        N/A       94%         3
 Ensorcelled Hibernation  Hex/Ice        4%         N/A       96%         2
 Call Canine Familiar     Summ           2%         N/A       99%         3
 Dazzling Flash           Conj/Hex       4%         N/A       99%         3
 Spider Form              Tmut/Pois      2%         N/A       99%         3
 Summon Guardian Golem    Hex/Summ       2%         N/A       99%         3
 Vampiric Draining        Necr           2%         2d6       99%         3
 Anguish                  Hex/Necr       1%         N/A       100%        4
 Leda's Liquefaction      Hex/Erth       1%         N/A       100%        4
 Olgreb's Toxic Radiance  Pois           2%         N/A       100%        4
 Agony                    Necr           2%         N/A       100%        5
 Fireball                 Conj/Fire      1%         3d3       100%        5
 Iskenderun's Battlesphe  Conj           2%         2d6       100%        5
 Manifold Assault         Tloc           14%        N/A       100%        5
 Silence                  Hex/Air        1%         N/A       100%        5
 Summon Forest            Summ/Tloc      4%         N/A       100%        5
 Summon Mana Viper        Hex/Summ       2%         N/A       100%        5
 Yara's Violent Unravell  Hex/Tmut       1%         3d3       100%        5
 Conjure Ball Lightning   Conj/Air       1%         3x3d6     100%        6
 Iron Shot                Conj/Erth      1%         9d1       100%        6
 Starburst                Conj/Fire      1%         6d3       100%        6
 Summon Cactus Giant      Summ           1%         N/A       100%        6
 Orb of Destruction       Conj           1%         9d5       100%        7
 Ozocubu's Refrigeration  Ice            1%         4d5       100%        7
 Spellforged Servitor     Conj/Summ      1%         N/A       100%        7
 Ignition                 Fire           1%         3d3       100%        8


Dungeon Overview and Level Annotations

Branches:
Dungeon (15/15)            Temple (0/1) D:6            Lair (6/6) D:8
  Swamp (2/4) Lair:3       Spider (2/4) Lair:4        Slime (0/5) Lair:6
    Orc (2/2) D:9             Elf (0/3) Orc:2        Vaults (0/5) D:14
 Depths (0/4) D:15        Gauntlet (visited)

Shops:
D:1 *?(:   D:3 [   D:11 *   Orc:2 ([(

Portals:
Hell: Lair:6
Trove: D:11 (give +5 ice dragon scales)

Annotations:
Lair:1 2 transporters
Swamp:2 sanka's ghost, adept DETm


Innate Abilities, Weirdness & Mutations

You have an increased reservoir of magic. (+10% MP)
You shall have no god before yourself.
Your divine heritage dramatically boosts your attributes as you level up.


Message History

You block the redback's attack. You block the steelbarb worm's attack.
The redback completely misses you.
The steelbarb worm hits you but does no damage.
The torpor snail closely misses you.
You closely miss the redback.
The redback is almost dead.
You feel very sick. You block the redback's attack.
The steelbarb worm hits you but does no damage.
The redback bites you!
You are more poisoned.
The redback poisons you! You block the torpor snail's attack.
The steelbarb worm misses you. The redback closely misses you.
You slice the redback!!
You kill the redback!
You feel extremely sick. The steelbarb worm barely misses you.
You block the torpor snail's attack. You block the steelbarb worm's attack.
Unknown command.
You slice the torpor snail!!
The torpor snail is heavily wounded.
You feel extremely sick. The steelbarb worm hits you.
Barbed spikes become lodged in your body.
The torpor snail barely misses you.
Unknown command.
You hit the torpor snail.
Lightning courses through the torpor snail!
The torpor snail is severely wounded.
You feel extremely sick. You block the steelbarb worm's attack.
The steelbarb worm hits you!!
* * * LOW HITPOINT WARNING * * *
Barbed spikes become lodged in your body.
The torpor snail bites you.
* * * LOW HITPOINT WARNING * * *
You feel better. The steelbarb worm hits you!
* * * LOW HITPOINT WARNING * * *
Barbed spikes become lodged in your body.
You block the torpor snail's attack. The steelbarb worm hits you!
You die...

#........≈≈........^.#
..........≈^......####
.........#≈.......#.##
.....................#
.......≈≈...}........#
........≈≈#..........#
..........≈.........##
..........≈≈....##..#
...........≈....@####
.....###...≈≈#.w†w#
.......#....≈≈...##
#.[....≈.....≈≈###
#......≈##..≈≈≈≈#
###..######≈≈≈≈≈# #
#### #######


You could see a steelbarb worm and a torpor snail.

Vanquished Creatures
  Rupert (Lair:3)
  Agnes (D:15)
  A frost giant (D:15)
  4 eleionomae
  A dire elephant (Lair:6)
  A minotaur (Gauntlet)
  An entropy weaver (Spider:1)
  A bunyip (Swamp:1)
  Erolcha (Orc:1)
  A shambling mangrove (Swamp:1)
  11 hydras
  9 boulder beetles
  3 centaur warriors
  4 vault guards (D:14)
  5 ogre magi
  An alligator (Swamp:2)
  An anaconda (Lair:6)
  A catoblepas (Lair:5)
  19 two-headed ogres
  Erica (D:8)
  12 death yaks
  4 tengu warriors
  A fire crab (Lair:4)
  A skeletal warrior (D:14)
  4 pharaoh ants (Spider:1)
  A sixfirhy (Lair:6)
  A goliath frog (Swamp:1)
  A glowing orange brain (Gauntlet)
  2 steelbarb worms (Spider:1)
  2 orb spiders (Spider:1)
  A bog body (Swamp:2)
  An orc knight (D:15)
  A swamp dragon (Swamp:1)
  2 lindwurms (Lair:6)
  A deep elf pyromancer (D:15)
  7 wolf spiders
  A wizard (Lair:6)
  2 ugly things
  An orc sorcerer (Orc:2)
  2 oklob plants (Lair:6)
  A salamander (shapeshifter) (D:13)
  4 manticores
  2 moths of wrath (Spider:1)
  2 cyclopes
  4 black mambas
  A smoke demon (Lair:6)
  20 elephants
  16 cane toads
  4 torpor snails
  2 orange demons (Lair:6)
  3 unseen horrors
  A gargoyle (D:12)
  12 komodo dragons
  Maggie (D:9)
  7 rime drakes
  4 demonic crawlers
  3 tengu conjurers
  4 yaktaurs (D:15)
  3 ice devils (Lair:6)
  4 meliai
  A queen bee (Lair:2)
  6 trolls
  A red devil (Lair:6)
  3 hornets (Swamp:1)
  A hornet (shapeshifter) (D:14)
  A polar bear (Lair:5)
  9 slime creatures
  4 tyrant leeches (Swamp:1)
  A wind drake (shapeshifter) (D:15)
  4 tarantellas (Spider:1)
  15 blink frogs
  13 dream sheep
  Sigmund (D:3)
  2 culicivoras
  9 jumping spiders (Spider:1)
  A shadow (D:11)
  64 yaks
  A spriggan (Swamp:1)
  2 vampires
  6 basilisks
  5 wyverns
  21 vampire mosquitoes
  12 redbacks
  5 swamp worms
  9 wargs
  4 acid dragons
  20 water moccasins
  3 hell hounds (Lair:6)
  17 orc warriors
  3 swamp drakes (Swamp:1)
  An ice beast (D:6)
  A black bear (Lair:5)
  A black bear (shapeshifter) (D:15)
  2 necrophages
  20 ogres
  24 wolves
  20 centaurs
  A phantom (D:4)
  2 kobold brigands
  19 bullfrogs
  A scorpion (D:6)
  3 gnoll sergeants
  30 killer bees
  12 wights
  7 howler monkeys
  4 electric eels
  6 hounds
  8 centaur zombies
  A bullfrog skeleton (D:5)
  5 jellies
  2 gnoll shamans
  An iguana (D:5)
  12 orc priests
  Jessica (D:3)
  17 orc wizards
  3 centaur skeletons
  14 hell rats
  2 killer bee zombies
  6 adders
  18 gnolls
  25 river rats (Lair:2)
  3 white imps
  An ufetubus (D:5)
  An adder zombie (D:5)
  A worm (D:2)
  A dart slug (D:2)
  76 orcs
  8 ball pythons
  6 endoplasms
  3 giant cockroaches
  5 goblins
  6 hobgoblins
  9 kobolds
  8 quokkas
  4 bats
  5 frilled lizards
  17 rats
881 creatures vanquished.

Vanquished Creatures (others)
  A bush (Lair:4)
  22 demonic plants (Gauntlet)
  2 foxfires (Swamp:2)
  14 fungi
  41 plants
80 creatures vanquished.

Grand Total: 961 creatures vanquished

Notes
Turn   | Place    | Note
-------+----------+-------------------------------------------
     0 | D:1      | Hasart the Demigod Fighter began the quest for the Orb.
     0 | D:1      | Reached XP level 1. HP: 18/18 MP: 3/3
   132 | D:1      | Found Wasirigg's Book Shoppe.
   230 | D:1      | Reached skill level 2 in Long Blades
   324 | D:1      | Found Ketyleox's Weapon Emporium.
   368 | D:1      | Reached XP level 2. HP: 25/25 MP: 4/4
   399 | D:1      | Found Qoif's General Store.
   448 | D:1      | Found Semasoef's Magic Scroll Shoppe.
  1299 | D:2      | Reached XP level 3. HP: 15/30 MP: 5/5
  2027 | D:2      | Reached skill level 1 in Throwing
  2183 | D:3      | Noticed Jessica
  2189 | D:3      | Killed Jessica
  2190 | D:3      | Reached skill level 1 in Dodging
  2190 | D:3      | Reached XP level 4. HP: 35/38 MP: 6/6
  2373 | D:3      | Found Ukefotze's Antique Armour Boutique.
  2390 | D:3      | Noticed Sigmund
  2465 | D:4      | Reached skill level 3 in Long Blades
  2491 | D:4      | Noticed a phantom
  2504 | D:4      | Killed a phantom
  2505 | D:4      | Reached XP level 5. HP: 20/45 MP: 7/7
  2687 | D:4      | Noticed an ogre
  2946 | D:3      | Killed Sigmund
  2947 | D:3      | Reached XP level 6. HP: 42/51 MP: 8/8
  3535 | D:4      | Reached skill level 4 in Long Blades
  3912 | D:5      | Entered Level 5 of the Dungeon
  4020 | D:5      | Reached XP level 7. HP: 54/58 MP: 9/9
  5402 | D:3      | Bought a shimmering scale mail for 171 gold pieces
  5402 | D:3      | Identified the +1 scale mail of Rotation {rPois Regen+
                  | Str+4} (You bought it in a shop on level 3 of the Dungeon)
  5451 | D:6      | Reached skill level 5 in Long Blades
  5481 | D:6      | Reached XP level 8. HP: 66/66 MP: 10/10
  5531 | D:6      | Found a staircase to the Ecumenical Temple.
  6388 | D:7      | Reached skill level 6 in Long Blades
  6391 | D:7      | Noticed a boulder beetle
  6406 | D:7      | Killed a boulder beetle
  6407 | D:7      | Reached skill level 5 in Fighting
  6407 | D:7      | Reached skill level 5 in Armour
  6407 | D:7      | Reached skill level 5 in Shields
  6407 | D:7      | Reached XP level 9. HP: 30/74 MP: 11/11
  6701 | D:8      | Noticed a two-headed ogre
  6714 | D:7      | Killed a two-headed ogre
  6715 | D:7      | Reached skill level 7 in Long Blades
  6849 | D:8      | Found a staircase to the Lair.
  7032 | D:8      | Noticed Erica
  7039 | D:8      | Killed Erica
  7108 | D:8      | Reached skill level 5 in Throwing
  7111 | D:8      | Reached XP level 10. HP: 62/83 MP: 13/13
  7118 | D:8      | Reached skill level 5 in Dodging
  7479 | D:8      | Reached skill level 8 in Long Blades
  7654 | D:9      | Noticed Maggie
  7665 | D:9      | Killed Maggie
  7861 | D:9      | Found a staircase to the Orcish Mines.
  8445 | Orc:1    | Entered Level 1 of the Orcish Mines
  8487 | Orc:1    | Noticed Erolcha
  8498 | Orc:1    | Killed Erolcha
  8910 | Orc:1    | Reached XP level 11. HP: 91/91 MP: 14/14
  9316 | Orc:2    | Entered Level 2 of the Orcish Mines
  9330 | Orc:2    | Reached skill level 9 in Long Blades
  9634 | Orc:2    | Found a staircase to the Elven Halls.
  9744 | Orc:2    | Noticed a two-headed ogre
  9755 | Orc:2    | Killed a two-headed ogre
  9758 | Orc:2    | Noticed a two-headed ogre
  9774 | Orc:2    | Killed a two-headed ogre
  9774 | Orc:2    | Noticed a two-headed ogre
  9780 | Orc:2    | Noticed a two-headed ogre
  9781 | Orc:2    | Noticed an ogre mage
  9814 | Orc:1    | Killed a two-headed ogre
  9870 | Orc:1    | Killed a two-headed ogre
  9892 | Orc:2    | Paralysed by an ogre mage for 4 turns
  9924 | Orc:2    | Killed an ogre mage
  9960 | Orc:2    | Noticed a two-headed ogre
  9972 | Orc:2    | Killed a two-headed ogre
  9986 | Orc:2    | Noticed an ogre mage
  9989 | Orc:2    | Paralysed by an ogre mage for 5 turns
  9993 | Orc:2    | Noticed a two-headed ogre
  9998 | Orc:2    | Killed an ogre mage
 10013 | Orc:2    | Killed a two-headed ogre
 10014 | Orc:2    | Reached skill level 10 in Long Blades
 10026 | Orc:2    | Noticed a two-headed ogre
 10027 | Orc:2    | Noticed a two-headed ogre
 10032 | Orc:2    | Noticed a two-headed ogre
 10072 | Orc:1    | Killed a two-headed ogre
 10133 | Orc:1    | Killed a two-headed ogre
 10153 | Orc:1    | Killed a two-headed ogre
 10154 | Orc:1    | Reached skill level 1 in Evocations
 10191 | Orc:2    | Noticed a two-headed ogre
 10200 | Orc:2    | Killed a two-headed ogre
 10203 | Orc:2    | Reached XP level 12. HP: 88/100 MP: 15/15
 10225 | Orc:2    | Noticed an ogre mage
 10356 | Orc:2    | Killed an ogre mage
 10489 | Orc:2    | Noticed an ogre mage
 10509 | Orc:2    | Killed an ogre mage
 10632 | Orc:2    | Found Veodud's Weapon Emporium.
 10632 | Orc:2    | Found Aprunais's Magic Scroll Boutique.
 10633 | Orc:2    | Found Osibar's Antique Weapon Shop.
 10633 | Orc:2    | Found Vonuavo's Armour Emporium.
 10642 | Orc:2    | Bought a +2 pair of boots for 247 gold pieces
 10643 | Orc:2    | Bought 6 silver boomerangs for 117 gold pieces
 10841 | Lair:1   | Entered Level 1 of the Lair of Beasts
 11033 | Lair:1   | Reached skill level 11 in Long Blades
 11433 | Lair:1   | Found a transporter.
 11436 | Lair:1   | Found a transporter.
 11437 | Lair:1   | Noticed a boulder beetle
 11438 | Lair:1   | Noticed a boulder beetle
 11696 | Lair:1   | Noticed a five-headed hydra
 11704 | Lair:1   | Killed a one-headed hydra
 11924 | Lair:2   | Noticed a seven-headed hydra
 11940 | Lair:1   | Killed a one-headed hydra
 12455 | Lair:2   | Reached XP level 13. HP: 103/108 MP: 16/16
 13402 | Lair:3   | Noticed Rupert
 13453 | Lair:4   | Found a hole to the Spider Nest.
 13735 | Lair:4   | Reached skill level 12 in Long Blades
 15551 | Lair:6   | Entered Level 6 of the Lair of Beasts
 15571 | Lair:5   | Reached skill level 5 in Evocations
 15866 | Lair:5   | Reached XP level 14. HP: 92/118 MP: 17/17
 16345 | Lair:6   | Reached skill level 13 in Long Blades
 17299 | Lair:6   | Found a gateway to Hell.
 17485 | Lair:6   | Reached skill level 10 in Shields
 17512 | Lair:6   | Found a staircase to the Slime Pits.
 17650 | Lair:3   | Killed Rupert
 17651 | Lair:3   | Reached skill level 10 in Fighting
 17651 | Lair:3   | Reached skill level 10 in Armour
 17853 | Lair:3   | Found a staircase to the Swamp.
 17929 | Lair:3   | Reached XP level 15. HP: 126/126 MP: 18/18
 17963 | Lair:3   | Learned a level 2 spell: Blink
 18412 | D:10     | Entered Level 10 of the Dungeon
 18949 | D:11     | Found a gate leading to a gauntlet.
 18955 | Gauntlet | Entered a Gauntlet
 18955 | Gauntlet | Found a transporter.
 18955 | Gauntlet | Found a transporter.
 18956 | Gauntlet | Found a transporter.
 18959 | Gauntlet | Found a transporter.
 18959 | Gauntlet | Found a transporter.
 18969 | Gauntlet | Found a transporter.
 18970 | Gauntlet | Found a transporter.
 18973 | Gauntlet | Found a transporter.
 18973 | Gauntlet | Found a transporter.
 18984 | Gauntlet | Found a transporter.
 18985 | Gauntlet | Found a transporter.
 19090 | Gauntlet | Found a transporter.
 19357 | Gauntlet | Reached skill level 1 in Translocations
 19361 | Gauntlet | Identified the ring "Gymmywef" {+Blink AC+4 Str-5 Slay+2
                  | SInv}
 19491 | Gauntlet | Identified the +4 dagger "Killer Klown's Curse" {vorpal,
                  | rElec}
 19713 | D:11     | Reached skill level 1 in Spellcasting
 19872 | D:11     | Found Ugoojayr's Island Escapes.
 20007 | D:11     | Found a portal to a secret trove of treasure.
 20226 | D:11     | Bought a scroll of blinking for 105 gold pieces
 20226 | D:11     | Bought a scroll of blinking for 105 gold pieces
 20226 | D:11     | Bought a scroll of teleportation for 42 gold pieces
 20226 | D:11     | Bought a potion of flight for 42 gold pieces
 21532 | D:13     | Reached skill level 14 in Long Blades
 22399 | D:14     | Found a gate to the Vaults.
 22583 | D:14     | Reached skill level 10 in Throwing
 22730 | D:14     | Reached skill level 10 in Dodging
 23076 | D:15     | Entered Level 15 of the Dungeon
 23323 | D:15     | Got the Catalogue of Inquiry
 23462 | D:15     | Noticed Agnes
 23470 | D:15     | Killed Agnes
 23547 | D:15     | Found a staircase to the Depths.
 24290 | Swamp:1  | Entered Level 1 of the Swamp
 24887 | Swamp:2  | Noticed a thorn hunter
 24930 | Swamp:2  | Reached XP level 16. HP: 111/136 MP: 24/24
 24971 | Swamp:2  | Noticed sanka's ghost (adept DETm)
 25090 | Spider:1 | Entered Level 1 of the Spider Nest
 25379 | Spider:1 | Identified the +10 whip of Gallantry {freeze, *Noise rF+
                  | Str+2}
 26230 | Spider:1 | Slain by a steelbarb worm

Illustrated notes

Levels and vault maps discovered:
D:1:      grunt_arrival_crossed_arrows, layout_rooms, serial_shops,
          nicolae_shop_waterfront, nicolae_shop_competitors_out_of_business,
          nicolae_shop_hallway_plus, shop, lemuel_another_geyser
D:2:      layout_basic, nicolae_figureground_sparkle
D:3:      layout_rooms, serial_shops, nicolae_shop_competitors_out_of_business,
          kennysheep_generic_room_11, uniq_jessica, uniq_sigmund
D:4:      layout_basic
D:5:      layout_basic, minmay_misc_feat_four_crosses, serial_bayou_lagoon_a
D:6:      layout_loops_ring, temple_green
D:7:      layout_rooms
D:8:      layout_loops_ring, lair_entry_dummy, minmay_alternating_orb,
          uniq_erica
D:9:      layout_stronghold, minmay_orc_entry_guard_dogs, worms_lemuel,
          uniq_maggie
D:10:     layout_roguey [special_room_orc], kennysheep_little_box
D:11:     layout_basic, trove_entry_hex_spiral, gauntlet_entry_generic,
          nicolae_island_escapes
D:12:     layout_loops_corners
D:13:     layout_roguey
D:14:     layout_loops_corners, lightli_vaults_fourway_checkpoint,
          solitary_fountain, beargit_hepliaklqana_dungeon_heroes
D:15:     grunt_enter_depths_snipers, layout_basic, minmay_misc_feat_roman,
          uniq_agnes
Lair:1:   gammafunk_boulding_lane, layout_gridlike, lemuel_fruit_fields,
          grunt_megastairs_4, lemuel_fruit_fields
Lair:2:   lemuel_ratsnest, layout_gridlike, special_room [special_room_bee],
          kennysheep_rathole, serial_bayou_shore_b
Lair:3:   layout_chaotic_city, minmay_swamp_entry_swarm, uniq_rupert
Lair:4:   layout_cave_pods, hellmonk_spider_entry_not_the_bees,
          nicolae_lair_grazing_beasts [nicolae_sub_lair_graze_edge,
          nicolae_sub_lair_graze_edge, nicolae_sub_lair_graze_edge,
          nicolae_sub_lair_graze_edge], infiniplex_staircase_pool_2,
          grunt_megastairs_1, serial_bayou_shore_a, serial_bayou_shore_b,
          lemuel_fruit_fields
Lair:5:   layout_gridlike
Lair:6:   evil_forest, layout_concentric_octagons,
          minmay_slime_entry_oklob_enclosed, grunt_megastairs_5
Swamp:1:  layout_basic_swamp, evilmike_swamp_ruin_house_4, swamp_pool5
Swamp:2:  layout_basic_swamp, gammafunk_ghost_abyssal_escape,
          evilmike_swamp_ruin_house_1, swamp_pool5
Spider:1: layout_spider_delve, drop_trap
Spider:2: nicolae_spider_hilbert_zone_2 [nicolae_spider_hilbert_4_sides_1_open,
          nicolae_spider_hilbert_4_sides_1_open,
          nicolae_spider_hilbert_4_sides_1_open,
          nicolae_spider_hilbert_4_sides_1_open,
          nicolae_spider_hilbert_6_sides_1_open,
          nicolae_spider_hilbert_6_sides_1_open,
          nicolae_spider_hilbert_3_sides_1_open,
          nicolae_spider_hilbert_3_sides_1_open,
          nicolae_spider_hilbert_3_sides_1_open,
          nicolae_spider_hilbert_3_sides_1_open,
          nicolae_spider_hilbert_6_sides_1_open,
          nicolae_spider_hilbert_6_sides_1_open,
          nicolae_spider_hilbert_6_sides_1_open,
          nicolae_spider_hilbert_6_sides_1_open], uniq_arachne
Orc:1:    layout_diamond_mine, nooodl_orcs_dogs, uniq_erolcha
Orc:2:    st_orc_ogre_mass, layout_caves

Skill      XL: |  1  2  3  4  5  6  7  8  9 10 11 12 13 14 15 16 |
---------------+-------------------------------------------------+-----
Long Blades    | 2 3 4 5 6 7 8 10 11 12 13 14 | 14.5
Throwing       | 1 2 3 4 5 7 8 9 10 | 10.0
Fighting       | 3 4 5 6 7 8 9 10 | 10.9
Armour         | 3 4 5 6 7 8 9 10 | 10.9
Dodging        | 1 2 3 4 5 7 8 9 10 | 10.5
Shields        | 3 4 5 6 7 8 9 10 11 | 11.0
Evocations     | 1 3 5 6 7 8 |  8.0
Translocations | 3 4 |  4.1
Spellcasting   | 3 |  3.7

Action                   |  1- 3 |  4- 6 |  7- 9 | 10-12 | 13-15 | 16-18 || total
-------------------------+-------+-------+-------+-------+-------+-------++-------
Melee: Long sword        |   112 |    91 |   262 |   686 |       |       ||  1151
       Scimitar          |       |       |       |   146 |  2015 |   239 ||  2400
Throw: Dart              |       |     7 |    12 |       |     1 |       ||    20
       Boomerang         |       |       |     4 |    35 |    22 |       ||    61
       Javelin           |       |       |       |     5 |     1 |       ||     6
Evoke: Wand              |       |       |     4 |     3 |     5 |       ||    12
  Use: Scroll            |       |     5 |     4 |     6 |    13 |     1 ||    29
       Potion            |       |       |     2 |       |     1 |     1 ||     4
 Stab: Distracted        |       |       |       |     1 |       |       ||     1
Armor: Scale mail        |    25 |       |    71 |   269 |   892 |   134 ||  1391
       Ring mail         |    35 |     3 |       |       |       |       ||    38
       Plate armour      |       |    82 |    42 |       |       |       ||   124
Dodge: Dodged            |    59 |    28 |   109 |   471 |  1125 |   170 ||  1962
Block: Buckler           |    34 |    27 |    60 |   210 |       |       ||   331
       Tower shield      |       |       |       |   226 |  2342 |   322 ||  2890
       Reflection        |       |       |       |       |    25 |       ||    25
